Map: Lightshade LE

Players

MCanning

  • Race: Protoss Protoss

PiLiPiLi - Winner!

  • Race: Protoss Protoss
  • League: Grandmaster

Event: DreamHack SC2 Masters 2021 Summer

VOD

Have the link to the VOD?

Description

Time

  • Played on: May 25, 2021, 3:12 p.m.
  • Length: 10:14

All games in this series

Show
View Real Time Build Order
Export as new Build Order

MCanning Protoss 

Build Orders: Phoenix Opening 

Get SALT Encoding   

  12  0:00  Probe  
  13  0:12  Probe  
  14  0:18  Pylon  
  14  0:24  Probe  
  15  0:36  Probe (Chrono Boost)  
  15  0:37  Gateway  
  16  0:47  Probe (Chrono Boost), Assimilator  
  17  0:52  Probe (Chrono Boost)  
  17  0:55  Assimilator  
  18  1:03  Probe (Chrono Boost)  
  19  1:12  Probe (Chrono Boost)  
  19  1:13  Gateway  
  20  1:24  Cybernetics Core  
  20  1:27  Probe  
  21  1:35  Pylon  
  21  1:39  Probe  
  22  1:51  Probe  
  23  2:00  Stalker  
  23  2:01  Sentry, Warp Gate  
  27  2:03  Probe  
  28  2:09  Pylon  
  28  2:17  Probe  
  28  2:18  Pylon  
  29  2:27  Stalker  
  31  2:35  Stalker  
  33  2:54  Nexus  
  33  3:08  Shield Battery  
  33  3:12  Stargate  
  33  3:13  Probe  
  34  3:25  Probe  
  34  3:26  Pylon  
  35  3:31  Shield Battery  
  35  3:37  Probe  
  36  3:49  Probe (Chrono Boost)  
  36  3:52  Stalker  
  36  3:54  Sentry  
  41  3:56  Phoenix (Chrono Boost)  
  41  3:58  Probe (Chrono Boost)  
  44  4:03  Probe (Chrono Boost)  
  44  4:06  Probe  
  46  4:13  Phoenix (Chrono Boost)  
  46  4:15  Probe  
  49  4:18  Probe  
  50  4:29  Probe (Chrono Boost)  
  50  4:30  Probe (Chrono Boost)  
  52  4:31  Phoenix (Chrono Boost)  
  54  4:41  Twilight Council  
  54  4:42  Probe (Chrono Boost)  
  54  4:45  Probe (Chrono Boost)  
  56  4:46  Forge  
  56  4:48  Probe (Chrono Boost)  
  56  4:52  Probe, Pylon  
  58  4:57  Probe  
  59  5:04  Probe  
  60  5:09  Probe, Assimilator  
  61  5:15  Robotics Facility  
  61  5:16  Probe  
  62  5:22  Probe  
  62  5:24  Blink (Chrono Boost)  
  62  5:28  Probe  
  62  5:37  Protoss Ground Weapons Level 1 (Chrono Boost)  
  62  5:41  Nexus  
  62  5:46  Gateway  
  62  5:47  Probe x2, Gateway, Pylon  
  64  5:54  Pylon  
  64  5:59  Probe x2  
  64  6:01  Dark Shrine  
  64  6:03  Assimilator  
  66  6:05  Stalker x2  
  66  6:06  Stalker  
  66  6:11  Probe, Shield Battery  
  68  6:14  Stalker  
  68  6:18  Immortal (Chrono Boost)  
  71  6:23  Probe  
  76  6:36  Stalker  
  78  6:40  Probe, Stalker  
  81  6:48  Pylon  
  81  6:49  Probe  
  81  6:50  Observer  
  81  6:51  Stalker  
  85  6:57  Probe  
  85  6:58  Probe  
  87  7:03  Gateway  
  87  7:04  Gateway  
  87  7:06  Shield Battery  
  87  7:07  Probe  
  87  7:08  Photon Cannon  
  88  7:09  Zealot  
  88  7:12  Observer, Probe  
  92  7:21  Dark Templar  
  84  7:23  Dark Templar  
  84  7:28  Stalker  
  77  7:31  Dark Templar  
  77  7:34  Probe  
  77  7:36  Shield Battery  
  68  7:49  Probe x2  
  60  7:53  Dark Templar  
  54  7:59  Dark Templar  
  54  8:00  Zealot x3  
  54  8:03  Probe  
  57  8:16  Probe (Chrono Boost)  
  52  8:20  Zealot x2  
  52  8:27  Probe x2 (Chrono Boost)  
  52  8:28  Probe (Chrono Boost)  
  50  8:37  Zealot, Pylon  
  50  8:40  Probe  
  48  8:43  Probe  
  49  8:48  Probe  
  49  9:02  Probe  
  48  9:05  Stalker  
  48  9:06  Stalker x2  
  54  9:12  Stalker  
  56  9:20  Shield Battery  
  56  9:26  Stalker x2  
  58  9:33  Stalker  
  58  9:35  Probe  
  56  9:38  Probe  
  56  9:44  Stalker  
  55  9:47  Probe  
  58  9:58  Stalker  
  56  10:02  Stalker  
Show
View Real Time Build Order
Export as new Build Order

PiLiPiLi Protoss - Winner!

Build Orders: Oracle Opening 

Get SALT Encoding   

  12  0:00  Probe  
  13  0:12  Probe  
  14  0:17  Pylon  
  14  0:25  Probe (Chrono Boost)  
  15  0:37  Probe (Chrono Boost), Gateway  
  16  0:45  Probe (Chrono Boost)  
  16  0:46  Assimilator  
  17  0:51  Probe  
  17  0:56  Assimilator  
  18  1:03  Probe (Chrono Boost)  
  19  1:08  Gateway  
  19  1:15  Probe (Chrono Boost)  
  20  1:21  Probe (Chrono Boost)  
  20  1:25  Cybernetics Core  
  21  1:29  Probe  
  22  1:40  Pylon  
  22  1:41  Probe  
  23  1:58  Probe  
  23  2:01  Stalker x2  
  28  2:03  Warp Gate  
  28  2:11  Probe  
  29  2:17  Pylon  
  29  2:24  Stargate  
  28  2:39  Stalker x2  
  32  3:04  Nexus  
  32  3:09  Oracle (Chrono Boost)  
  35  3:19  Probe  
  36  3:25  Pylon  
  36  3:30  Twilight Council  
  36  3:33  Probe  
  37  3:45  Probe  
  38  3:48  Oracle (Chrono Boost)  
  41  3:58  Probe  
  42  4:03  Pylon  
  42  4:10  Probe  
  42  4:15  Blink (Chrono Boost)  
  43  4:19  Probe  
  43  4:22  Probe  
  45  4:31  Probe, Shield Battery x2  
  46  4:34  Probe  
  47  4:41  Stalker  
  47  4:43  Probe  
  50  4:46  Probe  
  50  4:50  Stalker  
  53  4:54  Assimilator  
  53  4:55  Probe  
  53  4:58  Probe  
  55  5:07  Probe  
  55  5:10  Probe  
  55  5:11  Pylon  
  57  5:19  Probe  
  52  5:29  Stalker  
  52  5:30  Stalker  
  56  5:37  Probe x2  
  58  5:46  Gateway  
  58  5:47  Nexus  
  58  5:49  Probe  
  59  5:51  Pylon  
  59  5:54  Probe  
  60  5:59  Stalker x2  
  60  6:01  Probe  
  65  6:06  Probe  
  65  6:09  Gateway  
  65  6:10  Gateway  
  66  6:11  Gateway  
  66  6:17  Gateway  
  66  6:20  Pylon  
  66  6:28  Probe x2  
  68  6:33  Stalker x2  
  71  6:42  Stalker  
  71  6:46  Probe x2  
  75  6:57  Stalker x2  
  75  6:58  Probe x2  
  75  6:59  Probe  
  82  7:04  Stalker  
  82  7:05  Stalker  
  82  7:06  Stalker  
  88  7:09  Stalker  
  88  7:10  Probe x2  
  82  7:30  Stalker x6  
  82  7:34  Oracle (Chrono Boost)  
  91  7:47  Probe, Pylon  
  91  7:49  Probe  
  89  7:52  Probe  
  89  7:57  Forge  
  89  7:59  Probe, Robotics Facility  
  89  8:01  Probe, Stalker  
  89  8:02  Stalker x2  
  89  8:04  Probe  
  94  8:08  Oracle (Chrono Boost)  
  94  8:11  Probe  
  87  8:22  Stalker x2  
  81  8:43  Probe  
  81  8:45  Probe, Photon Cannon  
  83  8:50  Probe  
  81  9:13  Observer (Chrono Boost)  
  81  9:15  Photon Cannon  
  82  9:18  Stalker x2  
  82  9:21  Photon Cannon  
  86  9:26  Observer (Chrono Boost)  
  86  9:30  Photon Cannon  
  86  9:32  Stalker x2  
  88  9:46  Probe x2  
  88  9:47  Probe  
  91  9:56  Stalker x2  
  91  9:58  Probe  
  91  9:59  Assimilator  
  96  10:01  Stalker  
  96  10:04  Assimilator  
  98  10:07  Pylon  
Tags
 
Add a new tag
Caveats
  • Supply blocks, unpowered buildings, or Contaminate may cause inaccurate times.
  • Supply counts are checked every 10 seconds.